 Dungeon Crawl Stone Soup version 0.32-a0-696-g5fa0bccb63 (console) character file.

Game seed: 8537273116428939241

421 Tarkan the Chopper (level 6, -2/56 HPs)
             Began as a Minotaur Berserker on Jan 20, 2024.
             Was a Believer of Trog.
             Splashed by a jelly's acid (5 damage)
             ... on level 4 of the Dungeon on Mar 13, 2024.
             The game lasted 00:10:42 (2660 turns).

Tarkan the Chopper (Minotaur Berserker)             Turns: 2660, Time: 00:10:43

Health: -2/56      AC: -1    Str: 23    XL:     6   Next: 62%
Magic:  5/5        EV: 11    Int:  4    God:    Trog [**....]
Gold:   187        SH:  0    Dex: 10    Spells: 5/5 levels left

rFire   . . .        a - +0 hand axe
rCold   + . .        (no shield)
rNeg    . . .        r - +3 leather armour {rC+}
rPois   .            (helmet restricted)
rElec   .            u - scarf {shadows}
rCorr   .            (no gloves)
SInv    .            (no boots)
Will    .....        (no amulet)
Stlth   +            (no ring)
HPRegen 0.29/turn    (no ring)
MPRegen 0.09/turn

%: no passive effects
@: lethally poisoned (-2 -> -5), corroded
A: horns 2, retaliatory headbutt
a: Renounce Religion, Berserk, Trog's Hand


You were on level 4 of the Dungeon.
You worshipped Trog.
Trog was pleased with you.
You visited 1 branch of the dungeon, and saw 4 of its levels.

You collected 187 gold pieces.

Inventory:

Hand Weapons
 a - a +0 hand axe (weapon)
 f - a +0 vampiric war axe
Armour
 b - a +0 animal skin
 o - a +0 ring mail
 r - a +3 leather armour of cold resistance (worn)
 u - a scarf of shadows (worn)
Jewellery
 k - an amulet of reflection
Wands
 v - a wand of roots (8)
Scrolls
 d - a scroll of fog {unknown}
 g - 2 scrolls of identify {unknown}
 h - 2 scrolls of vulnerability {unknown}
 i - a scroll of enchant armour {unknown}
 p - a scroll of noise {unknown}
 s - a scroll of teleportation {unknown}
 t - a scroll of fear {unknown}
Potions
 c - a potion of resistance {unknown}
 e - a potion of mutation {unknown}
 j - a potion of berserk rage {unknown}
 l - a potion of might {unknown}
 m - a potion of lignification {unknown}
 n - 2 potions of curing {unknown}
 q - a potion of heal wounds {unknown}


   Skills:
 + Level 5.2 Fighting
 * Level 6.2 Axes
 + Level 4.4 Armour
 + Level 4.0 Dodging


You had 5 spell levels left.
You didn't know any spells.
Your spell library was empty.

Dungeon Overview and Level Annotations

Branches:
Dungeon (4/15)             Temple (0/1) D:4

Altars:
Ashenzari
Cheibriados
The Shining One


Innate Abilities, Weirdness & Mutations

You have a pair of horns on your head.
You reflexively headbutt those who attack you in melee.


Message History

There is a snail-covered altar of Cheibriados here.
Found a book of Vapours.
Found an escape hatch in the floor.
v - a wand of roots (8)
A jelly comes into view.
An orc comes into view. It is wielding a +0 flail.
The jelly quivers.
The orc shouts!
You hear an angry hiss.
The jelly hits you but does no damage.
You hit the orc. Your headbutt misses the orc.
The orc is almost dead.
You hit the jelly.
Your hands burn!
An adder comes into view.
The orc hits you but does no damage. The jelly hits you but does no damage.
The adder hisses angrily.
You slash the orc!
You kill the orc!
Trog accepts your kill.
You hit the jelly.
Your hands burn!
The jelly closely misses you.
You hit the jelly but do no damage.
Your hands burn!
You headbutt the jelly.
The jelly is heavily wounded.
The jelly hits you.
You are splashed with acid.
You slash the jelly! The acid corrodes you!
Your hands burn!
The jelly is almost dead.
The jelly hits you. The acid corrodes you!
You are splashed with acid!
The adder bites you.
You are poisoned.
The adder poisons you! The jelly hits you.
You are splashed with acid!
* * * LOW HITPOINT WARNING * * *
Things that are here:
a +0 flail; an orc corpse You closely miss the adder.
Your headbutt misses the adder. You hit the jelly.
Your hands burn!
* * * LOW HITPOINT WARNING * * *
You feel sick. The adder bites you.
* * * LOW HITPOINT WARNING * * *
The jelly closely misses you.
You closely miss the adder. You headbutt the adder.
The adder is lightly wounded.
You hit the jelly.
Your hands burn!
You die...

##.......#
##......#
##..#### ##..#
####..###...
##...#.......
####.......###..
.#..........#
.............#
.####........#
#......@S.#
#......J...#
#..............
#..............
#.............#
#..........####
##......###


You could see a jelly and an adder.

Vanquished Creatures
  A scorpion (D:4)
  A howler monkey (D:4)
  2 bombardier beetles (D:3)
  2 hounds (D:3)
  An iguana (D:4)
  2 gnolls
  7 adders
  2 dart slugs (D:2)
  3 ribbon worms (D:2)
  3 orcs
  8 endoplasms
  2 giant cockroaches
  6 goblins
  8 hobgoblins
  4 jackals
  4 kobolds (D:2)
  2 ball pythons
  6 bats
  3 frilled lizards
  5 rats
72 creatures vanquished.

Notes
Turn   | Place    | Note
-------+----------+-------------------------------------------
     0 | D:1      | Tarkan the Minotaur Berserker began the quest for the Orb.
     0 | D:1      | Reached XP level 1. HP: 19/19 MP: 0/0
    89 | D:1      | Found a faded altar of an unknown god.
   212 | D:1      | Upgraded the game from 0.32-a0-32-g978bd804de to
                  | 0.32-a0-35-gd9ff480968
   299 | D:1      | Reached XP level 2. HP: 27/27 MP: 1/1
   384 | D:1      | Upgraded the game from 0.32-a0-35-gd9ff480968 to
                  | 0.32-a0-355-ged53ad6fd3
   491 | D:1      | Upgraded the game from 0.32-a0-355-ged53ad6fd3 to
                  | 0.32-a0-696-g5fa0bccb63
   548 | D:2      | Reached skill level 4 in Axes
   585 | D:2      | Identified the +4 ring mail of Instinct {-Cast ^Drain Fly
                  | rElec}
   619 | D:2      | Reached XP level 3. HP: 32/33 MP: 2/2
   677 | D:2      | Reached ** piety under Trog
   811 | D:2      | Reached XP level 4. HP: 39/40 MP: 3/3
  1609 | D:3      | Reached skill level 5 in Axes
  1609 | D:3      | Reached XP level 5. HP: 47/47 MP: 4/4
  1703 | D:3      | Found a glowing golden altar of the Shining One.
  1711 | D:3      | Found a broken altar of Ashenzari.
  2029 | D:3      | Reached XP level 6. HP: 48/55 MP: 5/5
  2365 | D:4      | Reached skill level 5 in Fighting
  2473 | D:4      | Found a staircase to the Ecumenical Temple.
  2498 | D:4      | Reached skill level 6 in Axes
  2519 | D:4      | Found a snail-covered altar of Cheibriados.
  2660 | D:4      | Splashed by a jelly's acid

Illustrated notes

Levels and vault maps discovered:
D:1:      dpeg_arrival_stone_temple_mockup, layout_basic,
          shapermc_ecumenical_altar_notcrosses
D:2:      layout_rooms, minmay_joined_circles
D:3:      layout_basic, jmf_multi_god_temple2, cheibrodos_gnoll_hut
D:4:      layout_cave_pods, mainiacjoe_overflow_six_doors_small,
          grunt_temple_overflow_open, mainiacjoe_overflow_chevrons,
          minmay_temple_entry_drinking_statues, grunt_ministairs_5, uniq_grinder

Skill      XL: |  1  2  3  4  5  6 |
---------------+-------------------+-----
Fighting       | 4 5 |  5.2
Axes           | 4 5 6 |  6.2
Armour         | 3 4 |  4.4
Dodging        | 3 4 |  4.0

Action                     |  1- 3 |  4- 6 || total
---------------------------+-------+-------++-------
  Melee: Hand axe          |    49 |   118 ||   167
         Headbutt          |    10 |    29 ||    39
 Invoke: Berserk           |     1 |       ||     1
 Armour: Animal skin       |    31 |    17 ||    48
         Ring mail         |       |     5 ||     5
         Leather armour    |       |    38 ||    38
  Dodge: Dodged            |    28 |    51 ||    79

Table legend: (Time is in decaauts)
 A = Elapsed time spent in this place.
 B = Non-inter-level travel time spent in this place.
 C = Inter-level travel time spent in this place.
 D = Time resting spent in this place.
 E = Time spent auto-exploring this place.
 F = Levels seen in this place.
 G = Mean time per level.
                   A        B        C        D        E       F      G
               +--------+--------+--------+--------+--------+-----+--------+
         Total |   2679 |   2479 |    200 |    323 |   1511 |   4 |  669.8 |
       Dungeon |   2679 |   2479 |    200 |    323 |   1511 |   4 |  669.8 |
               +--------+--------+--------+--------+--------+-----+--------+

Top non-repeatable levels by time:
     D:2: 986 daAuts
     D:3: 849 daAuts
     D:1: 542 daAuts
     D:4: 300 daAuts
